 Dungeon Crawl Stone Soup version 0.28.0-43-g3370ac3207 (webtiles) character file.

Game seed: 3138236882860611471

67664 Revguard the Demolition Demonspawn (level 14, -4/113 HPs)
             Began as a Demonspawn Fighter on Mar 9, 2022.
             Was an Elder of Makhleb.
             Killed from afar by an ice dragon (24 damage)
             ... with a blast of cold
             ... on level 2 of the Lair of Beasts.
             The game lasted 01:25:45 (24694 turns).

Revguard the Demolition Demonspawn (DsFi)          Turns: 24694, Time: 01:25:45

Health: -4/113     AC: 19    Str: 28    XL:     14   Next: 83%
Magic:  23/23      EV: 15    Int: 11    God:    Makhleb [****..]
Gold:   2129       SH: 16    Dex: 15    Spells: 13/13 levels left

rFire   . . .      SeeInvis +   H - +4 war axe
rCold   . . .      Faith    .   D - +0 kite shield
rNeg    . . .      Spirit   .   K - +1 acid dragon scales
rPois   .          Reflect  +   G - +2 hat of the Tuna {Str+4 Stlth+}
rElec   .          Harm     .   t - +1 cloak {Will+}
rCorr   +          Rampage  .   (gloves unavailable)
Will    +++..                   p - +0 pair of boots
Stlth   ++........              x - amulet of reflection
HPRegen 0.28/turn               b - +6 ring of strength
MPRegen 0.18/turn               g - ring of see invisible

@: mighty, lethally poisoned (-4 -> -16), about to teleport
A: yellow scales 3, powered by death 1, spiny 2, demonic touch 3, strong-willed
1
a: Renounce Religion, Minor Destruction, Lesser Servant of Makhleb, Major
Destruction


You were on level 2 of the Lair of Beasts.
You worshipped Makhleb.
Makhleb was greatly pleased with you.
You visited 3 branches of the dungeon, and saw 19 of its levels.
You also visited: Gauntlet.

You collected 2317 gold pieces.
You spent 188 gold pieces at shops.

Inventory:

Hand Weapons
 H - a +4 war axe (weapon)
Armour
 p - a +0 pair of boots (worn)
 t - a +1 cloak of willpower (worn)
 D - a +0 kite shield (worn)
 G - the +2 hat of the Tuna (worn) {Str+4 Stlth+}
   (You found it in a Gauntlet)

   Str:       It affects your strength (+4).
   Stlth:     It makes you more stealthy.
 K - +1 acid dragon scales (worn)
Jewellery
 b - a +6 ring of strength (left hand)
 g - a ring of see invisible (right hand)
 k - a ring of protection from cold
 o - a ring of poison resistance
 x - an amulet of reflection (around neck)
Wands
 c - a wand of iceblast (4)
 m - a wand of paralysis (4)
 u - a wand of polymorph (11)
 v - a wand of flame (12)
 y - a wand of charming (4)
 I - a wand of digging (7)
Scrolls
 d - 2 scrolls of noise
 f - 6 scrolls of vulnerability
 h - 13 scrolls of teleportation
 q - 3 scrolls of holy word
 r - 2 scrolls of amnesia
 A - 12 scrolls of identify
 E - a scroll of enchant weapon
Potions
 e - 2 potions of curing
 i - 5 potions of lignification
 j - a potion of haste
 w - a potion of might
Miscellaneous
 l - a lightning rod (1/4)
 n - a tin of tremorstones (inert)
 J - a phial of floods


   Skills:
 + Level 11.0 Fighting
 + Level 9.8 Axes
 + Level 10.0 Armour
 + Level 9.5 Dodging
 + Level 10.0 Shields
 + Level 12.1 Invocations
 + Level 10.3 Evocations


You had 13 spell levels left.
You didn't know any spells.
Your spell library contained the following spells:

 Spells                   Type           Power      Damage    Failure   Level
 Animate Skeleton         Necr           0%         N/A       67%         1
 Pain                     Necr           0%         1d4       67%         1
 Summon Small Mammal      Summ           0%         N/A       67%         1
 Corpse Rot               Necr/Air       0%         N/A       80%         2
 Poisonous Vapours        Pois/Air       0%         N/A       80%         2
 Call Canine Familiar     Summ           0%         N/A       95%         3
 Portal Projectile        Hex/Tloc       0%         N/A       95%         3
 Summon Guardian Golem    Hex/Summ       0%         N/A       95%         3
 Vampiric Draining        Necr           0%         2d6       95%         3
 Animate Armour           Summ/Erth      0%         N/A       100%        4
 Leda's Liquefaction      Hex/Erth       0%         N/A       100%        4
 Summon Ice Beast         Ice/Summ       0%         N/A       100%        4
 Blade Hands              Tmut           0%         N/A       100%        5
 Summon Mana Viper        Hex/Summ       0%         N/A       100%        5
 Iron Shot                Conj/Erth      0%         9d1       100%        6
 Monstrous Menagerie      Summ           0%         N/A       100%        7


Dungeon Overview and Level Annotations

Branches:
Dungeon (15/15)            Temple (0/1) D:6            Lair (2/6) D:10
    Orc (2/2) D:11            Elf (0/3) Orc:2        Vaults (0/5) D:14
 Depths (0/4) D:15        Gauntlet (visited)
  Swamp: Lair:2-4    Shoals: Lair:2-4     Snake: Lair:2-4    Spider: Lair:2-4

Altars:
Cheibriados
Dithmenos
Elyvilon
Fedhas
Gozag
Hepliaklqana
Makhleb
Nemelex Xobeh
Okawaru
Qazlal
Ru
Sif Muna
Wu Jian
Xom
Yredelemnul
Zin
The Shining One

Shops:
D:1 [   Orc:2 ***!


Innate Abilities, Weirdness & Mutations

You are completely covered in yellow scales. (AC +4, rCorr)
You regenerate a little health from kills.
You are mostly covered in sharp spines.
Your touch may irresistibly damage your foes and sap their willpower.
You are strong-willed. (Will+)


Message History

The ice dragon tramples you!
You are shoved backwards!
You hit the ice dragon.
The ice dragon is lightly wounded.
The ice dragon is struck by your spines.
The ice dragon closely misses you. The ice dragon completely misses you.
The ice dragon tramples you.
You hold your ground!
You slash the ice dragon!
The ice dragon is moderately wounded.
The ice dragon bites you! You block the ice dragon's attack.
The ice dragon tramples you but does no damage.
The merfolk hits you but does no damage.
You are poisoned.
You feel very mighty all of a sudden.
You feel very sick.
The ice dragon bites you but does no damage.
The ice dragon barely misses you. The ice dragon closely misses you.
The merfolk barely misses you.
Aiming: Thunderbolt
Press: ? - help, Q - select action, (/) - cycle Shift-Dir - straight line, f - merfolk, p - ice dragon
Aim: a merfolk, wielding a +1 trident of venom The thunderbolt hits the ice dragon!
The ice dragon is heavily wounded.
The thunderbolt hits the merfolk!
The merfolk is moderately wounded.
You feel sick.
You hear an angry hiss.
You hear a shout!
You block the ice dragon's attack. The ice dragon closely misses you.
The ice dragon tramples you!
You hold your ground!
The merfolk hits you from afar with a +1 trident of venom!
* * * LOW HITPOINT WARNING * * *
You are more poisoned.
As you read the scroll of teleportation, it crumbles to dust.
You feel strangely unstable.
You feel very sick.
You block the ice dragon's attack. x2; The ice dragon barely misses you.
You block the merfolk's attack.
You feel very sick. The ice dragon breathes frost at you.
The blast of cold hits you!!
You die...

#.......# #.^.....#
#.......# ######
####.......### #
##..P###..#.........##..
..........'...........
..###.#####.........#
### ### #..>....#.# #
###.#+@## # #....#.# #
#+.#D#... #
#......m...≈.# #
#.........##.≈≈≈ ..
##........# ...≈ ..
8.........# #.. ...
.......<...# ## ..
.>.8........


You could see an ice dragon (catching breath).

Vanquished Creatures
  Gastronok (D:9)
  An orc warlord (Orc:1)
  A minotaur (Gauntlet)
  3 hydras
  An ogre mage (Orc:2)
  4 boulder beetles
  A vault guard (D:14)
  11 centaur warriors
  5 two-headed ogres (Orc:2)
  A tengu warrior (D:14)
  2 deep trolls (Orc:2)
  2 orc knights
  Pikel (D:5)
  3 deep elf pyromancers
  10 ugly things
  6 cyclopes
  An orc sorcerer (Orc:2)
  2 manticores (D:12)
  Maurice (D:11)
  Joseph (D:8)
  A gargoyle (D:11)
  4 cane toads
  A smoke demon (Gauntlet)
  A kobold demonologist (D:13)
  An unseen horror (D:12)
  A rime drake (Lair:2)
  2 freezing wraiths
  4 yaktaurs (D:15)
  2 komodo dragons
  2 tengu conjurers (D:9)
  13 trolls
  A meliai (shapeshifter) (D:14)
  2 meliai (D:15)
  2 hornets (D:9)
  7 slime creatures
  Grinder (D:6)
  A raiju (shapeshifter) (D:9)
  5 shadows
  2 water elementals (D:14)
  2 wraiths
  8 wyverns
  Grum (D:9)
  14 yaks
  A basilisk (Lair:2)
  6 vampire mosquitoes (D:13)
  A basilisk (shapeshifter) (D:9)
  A steam dragon (D:9)
  A warg (Orc:1)
  7 acid dragons
  A swamp drake (D:10)
  3 water moccasins
  A floating eye (shapeshifter) (D:15)
  24 orc warriors
  A sky beast (D:7)
  4 black bears
  3 necrophages
  8 wolves
  A boggart (D:9)
  16 ogres
  12 centaurs
  A phantom (D:5)
  A lemure (D:5)
  7 kobold brigands
  8 bullfrogs
  A bullfrog (shapeshifter) (D:9)
  3 scorpions
  2 gnoll sergeants (D:9)
  A water moccasin zombie (D:5)
  2 water moccasin skeletons (D:4)
  4 wights
  11 killer bees
  4 electric eels (D:10)
  3 jellies
  2 howler monkeys (D:9)
  A bullfrog zombie (D:6)
  6 centaur zombies
  3 crimson imps
  A centaur skeleton (D:5)
  12 orc priests
  2 gnoll shamans (D:9)
  A bullfrog skeleton (D:4)
  An iguana (D:5)
  Natasha (thrice) (D:3)
  18 orc wizards
  3 killer bee zombies
  3 hound skeletons (D:4)
  3 howler monkey zombies
  5 gnolls (Orc:1)
  9 adders
  2 shadow imps
  5 white imps
  An ufetubus (D:4)
  2 adder skeletons (D:4)
  3 dart slugs
  49 orcs
  2 ball pythons (D:3)
  8 endoplasms
  5 giant cockroaches
  5 goblins
  3 hobgoblins
  7 jackals (D:2)
  5 quokkas
  8 bats
  3 frilled lizards
  23 kobolds
  3 rats
  A bush (D:11)
483 creatures vanquished.

Vanquished Creatures (collateral kills)
  A slime creature (D:15)
  A great orb of eyes (D:15)
  A rakshasa (D:15)
  An ogre mage (Orc:2)
  4 two-headed ogres
  An obsidian statue (Gauntlet)
  A deep elf pyromancer (D:13)
  An orc knight (Orc:1)
  A cyclops (Orc:2)
  A manticore (D:15)
  A faun (shapeshifter) (D:13)
  4 meliai (D:15)
  A troll (D:10)
  2 shadows (Gauntlet)
  4 orc warriors
  5 ogres (Orc:2)
  A gnoll sergeant (Orc:1)
  4 crimson imps
  An orc priest (Orc:1)
  A white imp (D:12)
  2 orcs
39 creatures vanquished.

Vanquished Creatures (others)
  A hydra (D:9)
  2 two-headed ogres
  A deep elf pyromancer (D:9)
  A manticore (D:9)
  23 demonic plants (Gauntlet)
  4 fungi
  18 plants
  14 withered plants (Gauntlet)
64 creatures vanquished.

Grand Total: 586 creatures vanquished

Notes
Turn   | Place    | Note
-------+----------+-------------------------------------------
     0 | D:1      | Revguard the Demonspawn Fighter began the quest for the
                  | Orb.
     0 | D:1      | Reached XP level 1. HP: 18/18 MP: 1/1
   216 | D:1      | Gained mutation: Your touch may inflict minor irresistible
                  | damage on your foes. [demonic ancestry]
   216 | D:1      | Reached XP level 2. HP: 23/24 MP: 2/2
   219 | D:1      | Found Ala Biuff's Antique Armour Shoppe.
   291 | D:1      | You fall into a shaft and drop 1 floor!
   607 | D:2      | Gained mutation: Your touch may inflict irresistible damage
                  | on your foes. [demonic ancestry]
   607 | D:2      | Reached XP level 3. HP: 29/29 MP: 3/3
   610 | D:2      | Reached skill level 1 in Dodging
   792 | D:2      | Found a faded altar of an unknown god.
  1505 | D:3      | Found a faded altar of an unknown god.
  1511 | D:3      | Found a shimmering blue altar of Sif Muna.
  1547 | D:3      | Reached XP level 4. HP: 32/35 MP: 4/4
  1762 | D:3      | Noticed Natasha
  1773 | D:3      | Killed Natasha
  1790 | D:3      | Noticed Natasha
  1794 | D:3      | Killed Natasha
  1795 | D:3      | Reached skill level 1 in Evocations
  1795 | D:3      | Gained mutation: You are partially covered in sharp spines.
                  | [demonic ancestry]
  1795 | D:3      | Reached XP level 5. HP: 41/41 MP: 5/5
  1970 | D:3      | Noticed Natasha
  1976 | D:3      | Killed Natasha
  2350 | D:4      | Gained mutation: You are partially covered in yellow
                  | scales. (AC +2) [demonic ancestry]
  2350 | D:4      | Reached XP level 6. HP: 7/48 MP: 6/6
  2963 | D:4      | Found a shadowy altar of Dithmenos.
  3077 | D:4      | Gained mutation: Your touch may irresistibly damage your
                  | foes and sap their willpower. [demonic ancestry]
  3077 | D:4      | Reached XP level 7. HP: 53/54 MP: 7/7
  3587 | D:4      | Found a sacrificial altar of Ru.
  3605 | D:5      | Entered Level 5 of the Dungeon
  3610 | D:5      | Noticed Pikel
  3619 | D:5      | Killed Pikel
  3620 | D:5      | Gained mutation: You regenerate a little health from kills.
                  | [demonic ancestry]
  3620 | D:5      | Reached XP level 8. HP: 45/61 MP: 8/8
  3712 | D:5      | Reached skill level 5 in Fighting
  3907 | D:5      | Found an ornate altar of the Wu Jian Council.
  3916 | D:5      | Found a snail-covered altar of Cheibriados.
  4121 | D:5      | Reached skill level 5 in Shields
  4121 | D:5      | Found a burning altar of Makhleb.
  4292 | D:5      | Became a worshipper of Makhleb the Destroyer
  4319 | D:6      | Reached skill level 5 in Armour
  4397 | D:6      | Reached skill level 1 in Invocations
  4500 | D:6      | Reached XP level 9. HP: 63/68 MP: 9/9
  4712 | D:6      | Found an iron altar of Okawaru.
  4962 | D:6      | Found a staircase to the Ecumenical Temple.
  5050 | D:6      | Reached skill level 2 in Invocations
  5057 | D:6      | Found a large runed translucent door.
  5058 | D:6      | Found a large runed translucent door.
  5064 | D:6      | Found a shimmering altar of Xom.
  5077 | D:6      | Reached skill level 5 in Axes
  5113 | D:6      | Noticed Grinder
  5116 | D:6      | Found a shimmering altar of Xom.
  5125 | D:6      | Killed Grinder
  5125 | D:6      | Reached * piety under Makhleb
  5494 | D:7      | Reached skill level 3 in Invocations
  5584 | D:7      | Reached skill level 5 in Evocations
  6091 | D:7      | Gained mutation: You passively dampen the noise of your
                  | surroundings. [potion of mutation]
  6091 | D:7      | Gained mutation: Your body sometimes deteriorates upon
                  | taking damage. [potion of mutation]
  6091 | D:7      | Gained mutation: You are strong-willed. (Will+) [potion of
                  | mutation]
  6132 | D:8      | Found Zin's Purification Station.
  6140 | D:8      | Bought a potion of curing for 90 gold pieces
  6407 | D:8      | Reached skill level 5 in Dodging
  6412 | D:8      | Reached skill level 4 in Invocations
  6417 | D:8      | Gained mutation: You are mostly covered in yellow scales.
                  | (AC +3) [demonic ancestry]
  6417 | D:8      | Reached XP level 10. HP: 13/77 MP: 11/13
  6809 | D:8      | Found a stormy altar of Qazlal.
  6813 | D:8      | Found a blossoming altar of Fedhas.
  6864 | D:8      | Noticed Joseph
  6900 | D:8      | Killed Joseph
  7031 | D:8      | Found a sparkling altar of Nemelex Xobeh.
  7463 | D:9      | Reached ** piety under Makhleb
  7508 | D:9      | Found an opulent altar of Gozag.
  7527 | D:9      | Noticed Grum
  7536 | D:9      | Killed Grum
  7545 | D:9      | Reached skill level 5 in Invocations
  7830 | D:9      | Noticed Gastronok
  7857 | D:9      | Killed Gastronok
  7890 | D:9      | Reached skill level 6 in Invocations
  7920 | D:9      | Gained mutation: You are mostly covered in sharp spines.
                  | [demonic ancestry]
  7920 | D:9      | Reached XP level 11. HP: 60/84 MP: 15/15
  8208 | D:9      | Noticed a two-headed ogre
  8209 | D:9      | Noticed a deep elf pyromancer
  8213 | D:9      | Noticed a seven-headed hydra
  8234 | D:9      | Reached *** piety under Makhleb
  8263 | D:9      | HP: 4/86 [orc warrior/+0 halberd (12)]
  8686 | D:9      | Reached skill level 7 in Invocations
  9240 | D:9      | Found a hazy altar of Hepliaklqana.
  9300 | D:10     | Entered Level 10 of the Dungeon
 10075 | D:10     | Noticed a deep elf pyromancer
 10075 | D:10     | Noticed a centaur warrior
 10083 | D:10     | Killed a centaur warrior
 10085 | D:10     | Killed a deep elf pyromancer
 10151 | D:10     | Identified the +1 chain mail "Amed" {Str+4}
 10310 | D:10     | Noticed an eight-headed hydra
 11113 | D:10     | Found a staircase to the Lair.
 11457 | D:10     | Noticed a centaur warrior
 11460 | D:10     | Killed a centaur warrior
 11461 | D:10     | Reached skill level 8 in Invocations
 11461 | D:10     | Reached XP level 12. HP: 93/94 MP: 16/18
 11522 | D:10     | Noticed a centaur warrior
 11528 | D:10     | Killed a centaur warrior
 11536 | D:10     | Identified the +5 hunting sling "Osuget" {freeze, Int+5
                  | Dex+7}
 11708 | D:10     | Killed a 19-headed hydra
 11913 | D:11     | Found a gate leading to a gauntlet.
 11969 | Gauntlet | Entered a Gauntlet
 11969 | Gauntlet | Found a transporter.
 11969 | Gauntlet | Found a transporter.
 12180 | Gauntlet | Found a transporter.
 12180 | Gauntlet | Found a transporter.
 12194 | Gauntlet | Found a transporter.
 12208 | Gauntlet | Found a transporter.
 12211 | Gauntlet | Found a transporter.
 12214 | Gauntlet | Found a transporter.
 12215 | Gauntlet | Noticed a green death
 12217 | Gauntlet | Found a transporter.
 12244 | Gauntlet | Found a transporter.
 12251 | Gauntlet | Found a transporter.
 12269 | Gauntlet | Found a transporter.
 12314 | Gauntlet | Found a transporter.
 12328 | Gauntlet | Found a transporter.
 12429 | Gauntlet | Found a transporter.
 12444 | Gauntlet | Found a transporter.
 12634 | Gauntlet | Reached **** piety under Makhleb
 12712 | Gauntlet | Identified the +2 hat of the Tuna {Str+4 Stlth+}
 12740 | Gauntlet | Noticed a minotaur
 12758 | Gauntlet | Killed a minotaur
 13109 | D:11     | Noticed Maurice
 13118 | D:11     | Killed Maurice
 13360 | D:11     | Identified the +5 ring mail "Gunwec" {-Tele Will++}
 13389 | D:11     | Found a staircase to the Orcish Mines.
 13482 | D:11     | Reached skill level 9 in Invocations
 13898 | D:12     | Noticed a two-headed ogre
 13908 | D:12     | Killed a two-headed ogre
 14202 | D:12     | Noticed a two-headed ogre
 14209 | D:12     | Killed a two-headed ogre
 14544 | D:12     | Noticed a boulder beetle
 14557 | D:12     | Killed a boulder beetle
 15088 | D:12     | Lost mutation: You are strong-willed. (Will+) [potion of
                  | mutation]
 15088 | D:12     | Lost mutation: Your body sometimes deteriorates upon taking
                  | damage. [potion of mutation]
 15088 | D:12     | Lost mutation: You passively dampen the noise of your
                  | surroundings. [potion of mutation]
 15088 | D:12     | Gained mutation: You are strong-willed. (Will+) [potion of
                  | mutation]
 15156 | D:13     | Noticed a centaur warrior
 15170 | D:13     | Killed a centaur warrior
 15412 | D:13     | Gained mutation: You are completely covered in yellow
                  | scales. (AC +4, rCorr) [demonic ancestry]
 15412 | D:13     | Reached XP level 13. HP: 101/101 MP: 20/20
 17378 | D:14     | Reached skill level 10 in Invocations
 18311 | D:14     | Found a gate to the Vaults.
 18665 | D:15     | Entered Level 15 of the Dungeon
 18791 | D:15     | Found a snail-covered altar of Cheibriados.
 18912 | D:15     | Reached skill level 10 in Fighting
 19202 | D:15     | HP: 3/103 [orc knight/+0 great mace (18)]
 20132 | D:15     | Reached XP level 14. HP: 51/110 MP: 22/22
 20440 | D:15     | Reached skill level 11 in Invocations
 20849 | D:15     | Found a staircase to the Depths.
 21204 | Orc:1    | Entered Level 1 of the Orcish Mines
 21324 | Orc:1    | Noticed an orc warlord
 21334 | Orc:1    | HP: 4/111 [orc priest/divine providence (12)]
 21458 | Orc:1    | Killed an orc warlord
 22266 | Orc:2    | Entered Level 2 of the Orcish Mines
 22375 | Orc:2    | Reached skill level 10 in Evocations
 22496 | Orc:2    | Found Huahuduco's Assorted Antiques.
 22559 | Orc:2    | Found Istir's Assorted Antiques.
 22599 | Orc:2    | Reached skill level 10 in Shields
 22604 | Orc:2    | Found Hirogruk's Distillery.
 22605 | Orc:2    | Found Aneoff's General Store.
 22607 | Orc:2    | Found a staircase to the Elven Halls.
 22625 | Orc:2    | Reached skill level 12 in Invocations
 22650 | Orc:2    | Bought a scroll of fear for 98 gold pieces
 23236 | Lair:1   | Entered Level 1 of the Lair of Beasts
 23648 | Lair:1   | Found a basalt altar of Yredelemnul.
 23675 | Lair:1   | Reached skill level 10 in Armour
 24694 | Lair:2   | Killed from afar by an ice dragon

Illustrated notes

Levels and vault maps discovered:
D:1:      dpeg_arrival_boxes_within_box, layout_loops_cross, serial_shops, shop,
          nicolae_shop_window_shopping, nicolae_shop_overgrown_old_shop,
          nicolae_diamond_shop, shop, minmay_parallelograms, minmay_bisected
D:2:      layout_rooms, hellmonk_ecumenical_altar_lost_god
D:3:      layout_loops_cross, nicolae_overflow_ecumenical_swirl,
          serial_bayou_crossing, uniq_natasha
D:4:      layout_basic, kennysheep_little_box, kennysheep_mini,
          minmay_misc_feat_secret_circle, minmay_joined_circles
D:5:      layout_cave_pools, old_standard_altar, minitemple,
          serial_column_ruins, column_ruins_corridor_straight,
          column_ruins_open_small, column_ruins_corridor_straight,
          column_ruins_open_small, uniq_pikel
D:6:      due_chaos_kobolds, layout_gridville, amcnicky_altar_gilded,
          lemuel_crystal_altar, minmay_temple_entry_waves, uniq_grinder
D:7:      layout_basic
D:8:      layout_basic, grunt_temple_overflow_forces_of_nature,
          lemuel_round_altar, zin_purify, minmay_misc_feat_doors, uniq_joseph
D:9:      minmay_the_grid_3x3 [minmay_the_grid_minigrid_medium,
          minmay_the_grid_minigrid_small_alt, minmay_the_grid_paths,
          minmay_the_grid_spin_star, minmay_the_grid_empty,
          minmay_the_grid_broken_lines, minmay_the_grid_odd_star,
          minmay_the_grid_embedded, minmay_the_grid_prize_four_corners],
          layout_cave_pools, mainiacjoe_overflow_boulevard,
          gammafunk_temple_overflow_pools, uniq_gastronok, uniq_grum
D:10:     minmay_tri_box, layout_basic, erik_lair_dragon,
          minmay_fractal_squares_diagonal_5
D:11:     layout_irregular_city, hiddenorc1_lemuel, gauntlet_entry_generic,
          kb_lookout_dungeons_type, uniq_maurice
D:12:     layout_gridville, minmay_nine_imps
D:13:     layout_layer_cave, minmay_misc_feat_nine_boxes
D:14:     layout_gridville, david_vaults_5, water_maze_lemuel
D:15:     gammafunk_enter_depths_forms, layout_irregular_city,
          minmay_misc_feat_columns, kennysheep_slug_shrine
Lair:1:   layout_regular_city, basic_altar, serial_bayou_shore_a
Lair:2:   layout_roguey, elwin_shoals_entry_stream, ice2_lemuel,
          grunt_megastairs_1, infiniplex_staircase_pool_2
Orc:1:    layout_caves, special_room [special_room_orc]
Orc:2:    st_orc_open, layout_caves

Skill      XL: |  1  2  3  4  5  6  7  8  9 10 11 12 13 14 |
---------------+-------------------------------------------+-----
Axes           | 2 3 4 5 6 7 8 9 |  9.8
Dodging        | 1 2 3 4 5 6 7 8 9 |  9.5
Shields        | 3 4 5 6 7 8 9 10 | 10.0
Armour         | 3 4 5 6 7 8 9 10 | 10.0
Evocations     | 1 2 3 4 5 6 7 8 9 10 | 10.3
Fighting       | 4 5 6 7 8 9 10 11 | 11.0
Invocations    | 1 4 6 8 9 10 12 | 12.1

Action                   |  1- 3 |  4- 6 |  7- 9 | 10-12 | 13-15 || total
-------------------------+-------+-------+-------+-------+-------++-------
Melee: War axe           |   120 |    99 |   240 |   581 |   514 ||  1554
Invok: Lesser Servant of |       |       |       |    12 |    33 ||    45
       Minor Destruction |       |       |       |     8 |     3 ||    11
       Major Destruction |       |       |       |     2 |     2 ||     4
Evoke: Wand              |       |       |     1 |    36 |    22 ||    59
       Lightning rod     |       |       |       |       |    11 ||    11
       Phial of floods   |       |       |       |       |     2 ||     2
       Tin of tremorston |       |       |       |       |     2 ||     2
  Use: Scroll            |     4 |     9 |     4 |     5 |     9 ||    31
       Potion            |     1 |     4 |     3 |    10 |    13 ||    31
 Stab: Paralysed         |       |       |     5 |    19 |    12 ||    36
       Distracted        |       |       |       |     2 |     3 ||     5
Armor: Scale mail        |    41 |       |       |       |       ||    41
       Chain mail        |    56 |    46 |       |       |       ||   102
       Plate armour      |       |     7 |   172 |   238 |       ||   417
       Skin              |       |       |    35 |       |     7 ||    42
       Acid dragon scale |       |       |       |    40 |   197 ||   237
Dodge: Dodged            |    66 |    27 |   122 |   218 |   300 ||   733
Block: Buckler           |    45 |    20 |   134 |   154 |       ||   353
       Reflection        |       |       |       |    30 |    29 ||    59
       Kite shield       |       |       |       |   404 |   569 ||   973
